 Dungeon Crawl Stone Soup version 0.23.2-33-g5129a83184 (webtiles) character file.

Game seed: 7675358385533165352

191 MalarOregon the Poker (level 5, 0/42 HPs)
             Began as a Merfolk Skald on Aug 5, 2019.
             Slain by an orc wizard
             ... wielding a +2 dagger of venom
              (5 damage)
             ... on level 4 of the Dungeon.
             The game lasted 00:05:51 (3430 turns).

MalarOregon the Poker (Merfolk Skald)               Turns: 3430, Time: 00:05:51

Health: 0/42       AC:  3    Str: 10 (11) XL:     5   Next: 70%
Magic:  8/8        EV: 13    Int: 13 (14) God:
Gold:   135        SH:  0    Dex: 11 (13) Spells: 2/8 levels left

rFire    . . .     SeeInvis .   a - +0 spear
rCold    . . .     Gourm    .   (no shield)
rNeg     . . .     Faith    .   b - +0 leather armour
rPois    .         Spirit   .   (no helmet)
rElec    .         Reflect  .   o - scarf {cloud immunity}
rCorr    .         Harm     .   (no gloves)
MR       .....                  (no boots)
Stlth    +.........             (no amulet)
HPRegen  0.14/turn              (no ring)
MPRegen  0.11/turn              (no ring)

@: lethally poisoned (0 -> -21)
A: change form in water, swift swim, stealthy swim
a: no special abilities


You were on level 4 of the Dungeon.
You were not hungry.

You visited 1 branch of the dungeon, and saw 4 of its levels.

You collected 135 gold pieces.

Inventory:

Hand Weapons
 a - a +0 spear (weapon)
Armour
 b - a +0 leather armour (worn)
 o - a scarf of cloud immunity (worn)
   (You found it on level 2 of the Dungeon)
Jewellery
 d - a +2 ring of evasion {unknown}
   (You found it on level 1 of the Dungeon)
Scrolls
 f - a scroll of random uselessness {unknown}
 g - a scroll of remove curse {unknown}
 i - a scroll of immolation {unknown}
 j - a scroll of identify {@r1}
Potions
 k - a potion of agility {unknown}
 m - a potion of magic
Comestibles
 e - 9 rations {!d}


   Skills:
 + Level 4.0 Fighting
 + Level 5.3 Polearms
 - Level 0.6 Armour
 + Level 4.9 Dodging
 - Level 2.0 Spellcasting
 - Level 3.2 Charms


You had 2 spell levels left.
You knew the following spells:

 Your Spells              Type           Power        Failure   Level  Hunger
a - Infusion              Chrm           #...         9%          1    ##.....
e - Regeneration          Chrm/Necr      #.........   47%         3    ####...
q - Shroud of Golubria    Chrm/Tloc      #.........   26%         2    ###....

Your spell library contained the following spells:

 Spells                   Type           Power        Failure   Level  Hunger
 Song of Slaying          Chrm           #.......     14%         2    ###....
 Spectral Weapon          Hex/Chrm       #.......     47%         3    ####...


Dungeon Overview and Level Annotations

Branches:
Dungeon (4/15)
 Temple: D:4-7

Altars:


Message History

You closely miss the orc wizard.
You feel sick.
The orc wizard casts a spell.
The orc wizard flickers and vanishes!
Deactivating autopickup; reactivate with Ctrl-A.
Attack whom?
Aim: an orc, wielding a +0 short sword Something you can't see is in the way.
You closely miss something. Something hits you.
You are more poisoned.
You feel sick. Something hits you.
You are lethally poisoned!
You climb downwards.
Reactivating autopickup.
You feel very sick.
There is a stone staircase leading up here.
Unknown command.
You feel sick.
Unknown command.
A bullfrog comes into view.
* * * LOW HITPOINT WARNING * * *
You feel sick.
The bullfrog croaks.
You hear a shout!
Found a stone staircase leading up.
* * * LOW HITPOINT WARNING * * *
You feel sick.
* * * LOW HITPOINT WARNING * * *
You feel sick.
* * * LOW HITPOINT WARNING * * *
You feel sick.
Deactivating autopickup; reactivate with Ctrl-A.
You miss something.
* * * LOW HITPOINT WARNING * * *
You feel sick.
You closely miss something.
* * * LOW HITPOINT WARNING * * *
You feel sick. Something hits you but does no damage.
You are more poisoned.
You hit something but do no damage.
* * * LOW HITPOINT WARNING * * *
You feel sick.
You hear some strange, mumbled words.
A magic dart appears from out of thin air!
The magic dart hits you.
* * * LOW HITPOINT WARNING * * *
You closely miss something.
* * * LOW HITPOINT WARNING * * *
You feel sick. Something hits you.
You die...

..... ## .... ##.
... ⌠. ##..##..
..##......
##......## .
##........# ..
#... #@# ...#...
##.# ....... #.F#
.......##.###..#
.......<.........
#######..........
....##.##F..
#.#.## .# ..
#....# <#


You could see a bullfrog.

Vanquished Creatures
  2 orc wizards (D:3)
  An orc priest (D:3)
  2 adders (D:2)
  A shadow imp (D:3)
  2 oozes (D:1)
  2 worms
  4 orcs (D:3)
  3 giant cockroaches
  5 goblins
  8 hobgoblins
  7 jackals (D:2)
  3 quokkas
  6 bats
  5 frilled lizards
  7 kobolds
  4 rats
62 creatures vanquished.

Vanquished Creatures (others)
  An orc wizard (D:3)
  4 toadstools (D:1)
5 creatures vanquished.

Grand Total: 67 creatures vanquished

Notes
Turn   | Place    | Note
-------+----------+-------------------------------------------
     0 | D:1      | MalarOregon the Merfolk Skald began the quest for the Orb.
     0 | D:1      | Reached XP level 1. HP: 16/16 MP: 3/3
   143 | D:1      | Reached XP level 2. HP: 12/23 MP: 5/5
   809 | D:2      | Reached XP level 3. HP: 28/28 MP: 6/6
   878 | D:2      | Reached skill level 4 in Polearms
  1147 | D:2      | Learned a level 2 spell: Shroud of Golubria
  1151 | D:2      | Learned a level 3 spell: Regeneration
  1476 | D:2      | Reached XP level 4. HP: 29/35 MP: 7/7
  2243 | D:3      | HP: 1/35 [orc/+0 flail (7)]
  2799 | D:3      | Reached XP level 5. HP: 41/41 MP: 8/8
  2932 | D:3      | Reached skill level 5 in Polearms
  3430 | D:4      | Slain by an orc wizard

Skill      XL: |  1  2  3  4  5 |
---------------+----------------+-----
Dodging        | 3 4 |  4.9
Polearms       | 4 5 |  5.3
Fighting       | 3 4 |  4.0
Armour         | |  0.6
Spellcasting   | |  2.0
Charms         | |  3.2

Action                   |  1- 3 |  4- 6 || total
-------------------------+-------+-------++-------
Melee: Spear             |   125 |   248 ||   373
  Use: Potion            |       |    10 ||    10
       Scroll            |       |     1 ||     1
 Stab: Sleeping          |     1 |     1 ||     2
  Eat: Chunk             |     2 |     6 ||     8
Armor: Leather armour    |    34 |    47 ||    81
Dodge: Dodged            |    56 |   137 ||   193
